 Dungeon Crawl Stone Soup version 0.23-a0-677-g07611c5 (webtiles) character file.

221 Blackhawk the Skirmisher (level 5, 0/42 HPs)
             Began as a Demonspawn Fighter on Jan 9, 2019.
             Was a Believer of Jiyva.
             Slain by an ogre
             ... wielding a +0 giant spiked club
              (6 damage)
             ... on level 5 of the Dungeon.
             The game lasted 00:03:16 (2422 turns).

Blackhawk the Skirmisher (Demonspawn Fighter)       Turns: 2422, Time: 00:03:16

Health: 0/42       AC: 14    Str: 21    XL:     5   Next: 65%
Magic:  3/5        EV:  5    Int:  6    God:    Jiyva [**....]
Gold:   62         SH:  9    Dex: 12    Spells: 4/4 levels left

rFire    . . .     SeeInvis .   a - +0 war axe
rCold    . . .     Gourm    .   c - +0 shield
rNeg     . . .     Faith    .   l - +0 chain mail
rPois    .         Spirit   .   n - +0 helmet
rElec    .         Reflect  .   (no cloak)
rCorr    .         Harm     .   i - +0 pair of gloves
MR       .....                  (no boots)
Stlth    ..........             (no amulet)
HPRegen  0.14/turn              (no ring)
MPRegen  0.09/turn              (no ring)

@: no status effects
A: icy blue scales 2, rot immunity
a: Request Jelly, Renounce Religion


You were on level 5 of the Dungeon.
You worshipped Jiyva.
Jiyva was pleased with you.
You were not hungry.

You visited 1 branch of the dungeon, and saw 4 of its levels.

You collected 62 gold pieces.

Inventory:

Hand Weapons
 a - a +0 war axe (weapon)
Armour
 c - a +0 shield (worn)
 i - a +0 pair of gloves (worn)
 l - a +0 chain mail (worn)
 n - a +0 helmet (worn)
Scrolls
 g - a scroll of blinking {unknown}
 h - a scroll of amnesia {unknown}
 j - a scroll of teleportation {unknown}
 k - a scroll of magic mapping {unknown}
 m - 2 scrolls of enchant armour {unknown}
 p - a scroll of fog {unknown}
 q - 2 scrolls of identify {unknown}
Potions
 b - 2 potions of heal wounds {unknown}
 d - a potion of might
 e - 2 potions of magic {unknown}
 o - a potion of mutation {unknown}
 s - a potion of agility {unknown}
 t - a potion of curing {unknown}
Comestibles
 f - 5 rations
 r - 3 chunks of flesh


   Skills:
 + Level 4.1 Fighting
 + Level 3.0 Axes
 + Level 3.7 Armour
 + Level 3.7 Shields


You had 4 spell levels left.
You didn't know any spells.
Your spell library was empty.

Dungeon Overview and Level Annotations

Branches:
Dungeon (3/15)

Altars:
Jiyva

Annotations:
D:3 1 runed door


Innate Abilities, Weirdness & Mutations

You are mostly covered in icy blue scales. (AC +3)
You are immune to rotting.


Message History

The ogre hits you with a +0 giant spiked club!!
* * * LOW HITPOINT WARNING * * *
You slash the ogre!
The ogre is severely wounded.
You hear a slurping noise.
Jiyva appreciates your sacrifice. You block the ogre's attack.
A gnoll and 2 orcs come into view.
The orc shouts! x2
A gnoll comes into view. It is wielding a +0 flail.
The orc moves out of view.
Found a pair of gloves.
Found a stone staircase leading down.
Your chain mail prevents you from hitting the ogre.
The ogre is severely wounded.
You block the ogre's attack.
You completely miss the ogre.
The ogre is severely wounded.
A gnoll comes into view. It is wielding a +0 whip.
The ogre hits you with a +0 giant spiked club.
You die...

....# ....# ...#
## ...# ### .. ..#
..# #. #.# #.#
g#.#..#.## #.#
...g.go@.# #.#
......#O.#####.###
...[. #........#.#
......J.#######.#
>###..### ##.##
### #.. ##.## #..
... #.## #.. ###
##.## #.# ##.###.#


You could see an ogre, 3 gnolls, an orc and a neutral jelly (fellow slime).

Vanquished Creatures
  A phantom (D:3)
  An orc priest (D:3)
  An adder (D:2)
  An ooze (D:2)
  A worm (D:2)
  A dart slug (D:1)
  A leopard gecko (D:1)
  9 orcs (D:3)
  5 giant cockroaches
  8 goblins
  6 hobgoblins
  3 jackals (D:2)
  2 quokkas (D:3)
  14 bats
  2 frilled lizards
  7 kobolds
  8 rats
71 creatures vanquished.

Vanquished Creatures (others)
  Jessica (D:3)
  An orc wizard (D:3)
  An adder (D:3)
  2 orcs (D:3)
  A goblin (D:3)
  A kobold (D:3)
7 creatures vanquished.

Grand Total: 78 creatures vanquished

Notes
Turn   | Place    | Note
-------+----------+-------------------------------------------
     0 | D:1      | Blackhawk the Demonspawn Fighter began the quest for the
                  | Orb.
     0 | D:1      | Reached XP level 1. HP: 18/18 MP: 1/1
   189 | D:1      | Gained mutation: You are partially covered in icy blue
                  | scales. (AC +2) [demonic ancestry]
   189 | D:1      | Reached XP level 2. HP: 22/24 MP: 2/2
   557 | D:1      | Gained mutation: You are immune to rotting. [demonic
                  | ancestry]
   557 | D:1      | Reached XP level 3. HP: 29/29 MP: 3/3
  1357 | D:2      | Gained mutation: You are mostly covered in icy blue scales.
                  | (AC +3) [demonic ancestry]
  1357 | D:2      | Reached XP level 4. HP: 35/35 MP: 4/4
  1630 | D:3      | Found a faded altar of an unknown god.
  1664 | D:3      | Became a worshipper of Jiyva Jamay the Shapeless
  1664 | D:3      | Reached * piety under Jiyva
  1760 | D:3      | Noticed a phantom
  1795 | D:3      | Killed a phantom
  1795 | D:3      | Reached XP level 5. HP: 26/42 MP: 5/5
  1908 | D:3      | Reached ** piety under Jiyva
  1931 | D:3      | Reached skill level 4 in Fighting
  2290 | D:3      | Killed Jessica
  2322 | D:3      | Found a runed door.
  2366 | D:3      | You fall through a shaft for 2 floors!
  2366 | D:5      | Entered Level 5 of the Dungeon
  2413 | D:5      | Noticed an ogre
  2422 | D:5      | Slain by an ogre

Vault maps used:
D:1:      scummos_arrival_simple_crosswalls
D:3:      nemelex_xobeh_ov_fountains_minmay, chequers_ecumenical_altar_simple,
          first_ration, uniq_natasha, uniq_jessica, uniq_crazy_yiuf_cottage
D:5:      yredelemnul_altar_generic

Skill      XL: |  1  2  3  4  5 |
---------------+----------------+-----
Axes           | 2 3 |  3.0
Shields        | 3 |  3.7
Armour         | 3 |  3.7
Fighting       | 4 |  4.1

Action                   |  1- 3 |  4- 6 || total
-------------------------+-------+-------++-------
Melee: War axe           |   134 |    93 ||   227
Invok: Request Jelly     |       |     1 ||     1
  Eat: Chunk             |     2 |     3 ||     5
Armor: Scale mail        |    36 |       ||    36
       Chain mail        |    57 |    52 ||   109
Dodge: Dodged            |    50 |    19 ||    69
Block: Shield            |    81 |    52 ||   133

Table legend:
 A = Non-vault XP
 B = Vault XP
 C = Vault XP percentage of total XP
 D = Non-vault monster count
 E = Vault monster count
 F = Vault count percentage of total count
                 A         B        C        D         E       F
            +---------+---------+-------+---------+---------+-------
      Total |     317 |       0 |   0.0 |      71 |       0 |   0.0
            +---------+---------+-------+---------+---------+-------
        D:1 |      46 |       0 |   0.0 |      26 |       0 |   0.0
        D:2 |      52 |       0 |   0.0 |      20 |       0 |   0.0
        D:3 |     219 |       0 |   0.0 |      25 |       0 |   0.0
            +---------+---------+-------+---------+---------+-------
